Penguins vs Bears

Created - Friday, February 12, 2016 at 03:41

Goals
1 2 3 OT1 SO T
Penguins 0 1 0 0 1 2
Bears 0 0 1 0 0 1
Shots
1 2 3 OT1 SO T
Penguins 9 7 14 6 3 36
Bears 11 5 6 1 3 23

1st period

No Goal

Penalties :
Julian Melchiori (Her) for Fighting (Major) at 4:46, Jeff Schultz (WBS) for Fighting (Major) at 4:46, Greg Miller (Her) for Fighting (Major) at 10:37, Jeff Schultz (WBS) for Fighting (Major) at 10:37, Matt Carkner (Her) for Fighting (Major) at 11:47, Colton Parayko (WBS) for Fighting (Major) at 11:47, David Dziurzynski (Her) for Fighting (Major) at 11:50, Drew Bagnall (WBS) for Fighting (Major) at 11:50, Dustin Gazley (WBS) for Goalie Interference (Minor) at 12:09, Julian Melchiori (Her) for Fighting (Major) at 15:36, Philippe Cornet (WBS) for Fighting (Major) at 15:36, Philippe Cornet (WBS) for instigated a fight (Minor) at 15:36, Philippe Cornet (WBS) for instigated a fight (10 Minutes Misconduct) at 15:36

2nd period

1. Penguins , Mark Fraser 1 (FARMPLAYER2) at 0:42

Penalties :
Matt Carkner (Her) for Fighting (Major) at 0:34, Jeff Schultz (WBS) for Fighting (Major / Game Misconduct) at 0:34, FARM PLAYER15 (WBS) for Holding (Minor) at 6:29, Drew Bagnall (WBS) for Holding (Minor) at 16:15, Nathan McIver (Her) for Roughing (Minor) at 19:56

3rd period

2. Bears , Brandon Burlon 1 (Tyler Brown) at 11:14

Penalties :
John Scott (Her) for Interference (Minor) at 4:19, Matt Carkner (Her) for Fighting (Major / Game Misconduct) at 6:51, Drew Bagnall (WBS) for Fighting (Major) at 6:51, Greg Miller (Her) for Fighting (Major) at 8:38, Justin Vaive (WBS) for Fighting (Major) at 8:38, John Scott (Her) for Hooking (Minor) at 10:57, Jesse Root (Her) for Fighting (Major) at 15:15, Colton Parayko (WBS) for Fighting (Major) at 15:15, Colton Parayko (WBS) for instigated a fight (Minor) at 15:15, Colton Parayko (WBS) for instigated a fight (10 Minutes Misconduct) at 15:15, Greg Miller (Her) for Fighting (Major / Game Misconduct) at 17:50, Drew Bagnall (WBS) for Fighting (Major / Game Misconduct) at 17:50, Eric Neilson (Her) for Holding (Minor) at 19:56

Overtime #1

No Goal

Penalties :
No Penalty

Shootout

Penalty Shot by FARMPLAYER2 for Penguins - Stopped by Matt Murray
Penalty Shot by John Scott for Bears - Stopped by Dan Ellis
Penalty Shot by Patrice Cormier for Penguins - Goal!
Penalty Shot by Justin Florek for Bears - Stopped by Dan Ellis
Penalty Shot by Justin Vaive for Penguins - Stopped by Matt Murray
Penalty Shot by Andreas Athanasiou for Bears - Stopped by Dan Ellis

Penalties :
No Penalty

Goalie Stats

Dan Ellis (WBS), 22 saves from 23 shots - (0.957), W, 5-1-1, 65:00 minutes
Matt Murray (Her), 35 saves from 36 shots - (0.972), OTL, 11-1-6, 65:00 minutes

Players Stats for Penguins

Player Name              G  A  P  +/- PIM S  H  SB GA TA FO     MP     PP MP  PK MP  
------------------------------------------------------------------------------------
Adam Clendening          0  0  0   0  0   7  1  1  3  2  0/0    22:22   2:07   5:02 
Carson McMillan          0  0  0   0  0   2  2  0  0  0  1/1    16:23   3:01   0:00 
Charles Sarault          0  0  0   0  0   0  1  1  1  0  4/14   16:23   3:01   0:00 
Colton Parayko           0  0  0  -1  22  1  3  1  0  1  0/0    12:43   0:17   2:42 
Danny Biega              0  0  0   0  0   5  3  2  2  1  0/0    22:22   2:07   5:02 
Drew Bagnall             0  0  0   1  27  1  1  0  0  1  0/0    17:56   2:40   0:00 
Dustin Gazley            0  0  0   0  2   0  0  0  2  0  1/2    14:48   2:06   0:00 
FARM PLAYER15            0  0  0   0  2   1  0  0  0  0  0/0    16:47   0:03   2:38 
FARM PLAYER20            0  0  0   0  0   0  0  0  0  0  0/0    11:48   0:00   1:11 
FARMPLAYER2              0  1  1   0  0   7  2  0  13 0  20/31  27:08   2:06   6:07 
Jason Gregoire           0  0  0   0  0   1  0  2  2  0  1/1    10:22   0:57   0:00 
Jeff Schultz             0  0  0   0  25  0  0  0  0  0  0/0     3:03   0:00   0:28 
Justin Vaive             0  0  0   0  5   3  0  0  0  1  0/0    17:44   2:04   2:40 
Mark Fraser              1  0  1   0  0   6  2  1  3  5  0/0    26:41   3:00   4:53 
Mark Louis               0  0  0   0  0   0  1  0  1  0  2/3    16:05   0:00   0:00 
Patrice Cormier          0  0  0   0  0   1  1  0  0  2  1/2    26:38   2:06   6:07 
Philippe Cornet          0  0  0   0  17  0  2  2  1  0  1/1    12:33   0:00   1:21 
Ryan Olsen               0  0  0   0  0   1  0  0  1  1  4/12   19:14   0:00   2:03 

Players Stats for Bears

Player Name              G  A  P  +/- PIM S  H  SB GA TA FO     MP     PP MP  PK MP  
------------------------------------------------------------------------------------
Andreas Athanasiou       0  0  0   0  0   1  2  2  6  3  2/2    24:28   4:58   2:59 
Ben Youds                0  0  0   0  0   2  4  2  6  3  0/0    25:23   4:08   1:19 
Brad Mills               0  0  0   0  0   0  2  0  2  1  0/0    19:29   5:03   1:04 
Brandon Burlon           1  0  1   0  0   2  2  2  2  1  0/0    28:19   5:47   5:44 
Chris Bruton             0  0  0   0  0   0  0  0  0  0  0/0     2:41   0:00   0:00 
David Dziurzynski        0  0  0   0  5   4  1  0  3  0  0/0    16:15   0:00   1:26 
Eric Neilson             0  0  0   0  2   2  2  0  0  1  1/1    16:25   0:00   0:00 
Greg Miller              0  0  0   0  25  2  0  2  4  0  2/7    13:16   0:00   1:21 
Jesse Root               0  0  0   0  5   1  2  0  0  1  6/12   15:43   3:50   0:17 
John Scott               0  0  0  -1  4   0  6  0  1  1  0/0    26:03   6:07   3:14 
Julian Melchiori         0  0  0   1  10  1  2  0  0  1  0/0    20:41   1:37   0:00 
Justin Florek            0  0  0   0  0   1  3  1  1  1  3/8    26:51   4:52   5:11 
Kyle Jean                0  0  0   0  0   0  1  1  0  0  2/4     2:35   0:00   0:00 
Matt Carkner             0  0  0   0  25  1  2  0  0  1  0/0    13:13   2:11   0:44 
Maxime Macenauer         0  0  0   0  0   0  0  0  0  0  4/7     7:16   1:18   0:00 
Nathan McIver            0  0  0   0  2   0  2  0  0  1  0/0    16:51   0:00   3:05 
Patrick Holland          0  0  0   0  0   1  0  0  0  2  0/1    18:57   4:52   0:09 
Tyler Brown              0  1  1   0  0   5  1  1  3  1  12/25  18:57   4:52   0:09 

3 Stars

1 - Matt Murray (Her)
2 - Dan Ellis (WBS)
3 - Brandon Burlon (Her)

Power Play

Penguins - 0 on 4 Attempt(s) - 0.00%
Bears - 0 on 5 Attempt(s) - 0.00%

Penalty Kill

Penguins - 5 on 5 Attempt(s) - 100.00% - Score 0 goal in Penalty Kill
Bears - 4 on 4 Attempt(s) - 100.00% - Score 0 goal in Penalty Kill

Team Stat

Penguins - Hits : 19 - Faceoff Wins : 35 - Blocked Shots : 10 - Penalty Minutes : 100
Bears - Hits : 32 - Faceoff Wins : 32 - Blocked Shots : 11 - Penalty Minutes : 78

Official

Referees : Unknown
Linesman : Unknown

Game Notes

Julian Melchiori beats up Jeff Schultz at 4:46 of 1st period
Jeff Schultz beats up Greg Miller at 10:37 of 1st period
Matt Carkner beats up Colton Parayko at 11:47 of 1st period
David Dziurzynski and Drew Bagnall fight to a draw at 11:50 of 1st period
Julian Melchiori and Philippe Cornet fight to a draw at 15:36 of 1st period
Matt Carkner and Jeff Schultz fight to a draw at 0:34 of 2nd period
Jeff Schultz ejected from game at 0:34 of 2nd period
Matt Carkner and Drew Bagnall fight to a draw at 6:51 of 3rd period
Matt Carkner ejected from game at 6:51 of 3rd period
Greg Miller and Justin Vaive fight to a draw at 8:38 of 3rd period
Jesse Root beats up Colton Parayko at 15:15 of 3rd period
Greg Miller and Drew Bagnall fight to a draw at 17:50 of 3rd period
Greg Miller ejected from game at 17:50 of 3rd period
Drew Bagnall ejected from game at 17:50 of 3rd period

Finance

Level 1 -- Attendance: 1400 (70.00%) -- Ticket Income $49,000
Level 2 -- Attendance: 706 (70.60%) -- Ticket Income $10,590
Total Attendance: 2106 (70.20%)
Total Ticket Income: $59,590
Other Income: $29,199
Total Income: $88,789

Penguins

5 vs 5 Forward 
   Center                   Left Wing                Right Wing               Time % Phy DF OF 
 1 FARMPLAYER2              Patrice Cormier          Dustin Gazley            35     1   2  2  
 2 Charles Sarault          Justin Vaive             Carson McMillan          30     1   2  2  
 3 Ryan Olsen               Philippe Cornet          Mark Louis               22     1   2  2  
 4 FARMPLAYER2              Jason Gregoire           Patrice Cormier          13     1   2  2  

5 vs 5 Defense 
   Defense                  Defense                                           Time % Phy DF OF 
 1 Mark Fraser              Jeff Schultz                                      35     1   2  2  
 2 Adam Clendening          Danny Biega                                       30     1   2  2  
 3 Drew Bagnall             Colton Parayko                                    22     1   2  2  
 4 FARM PLAYER15            FARM PLAYER20                                     13     1   2  2  

PowerPlay Forward 
   Center                   Left Wing                Right Wing               Time % Phy DF OF 
 1 FARMPLAYER2              Patrice Cormier          Dustin Gazley            60     1   2  2  
 2 Charles Sarault          Justin Vaive             Carson McMillan          40     1   2  2  

PowerPlay Defense
   Defense                  Defense                                           Time % Phy DF OF 
 1 Mark Fraser              Jeff Schultz                                      60     1   2  2  
 2 Adam Clendening          Danny Biega                                       40     1   2  2  

Penalty Kill 4 Players Forward 
   Center                   Wing                     Time % Phy DF OF 
 1 FARMPLAYER2              Patrice Cormier          60     1   2  2  
 2 Justin Vaive             Philippe Cornet          40     1   2  2  

Penalty Kill 4 Players Defense
   Defense                  Defense                  Time % Phy DF OF 
 1 Mark Fraser              Jeff Schultz             60     1   2  2  
 2 Adam Clendening          Danny Biega              40     1   2  2  

Penalty Kill - 3 Players Forward 
   Forward                                           Time % Phy DF OF 
 1 FARMPLAYER2                                       60     1   2  2  
 2 Patrice Cormier                                   40     1   2  2  

Penalty Kill - 3 Players Defense
   Defense                  Defense                  Time % Phy DF OF 
 1 Mark Fraser              Jeff Schultz             60     1   2  2  
 2 Adam Clendening          Danny Biega              40     1   2  2  

4 vs 4 Forward 
   Center                   Wing                     Time % Phy DF OF 
 1 FARMPLAYER2              Patrice Cormier          60     1   2  2  
 2 Justin Vaive             Philippe Cornet          40     1   2  2  

4 vs 4 Defense
   Defense                  Defense                  Time % Phy DF OF 
 1 Mark Fraser              Jeff Schultz             60     1   2  2  
 2 Adam Clendening          Danny Biega              40     1   2  2  

Last Minutes Offensive
   Center                   Left Wing                Right Wing               Defense                  Defense                  
   FARMPLAYER2              Patrice Cormier          Dustin Gazley            Mark Fraser              Jeff Schultz             

Last Minutes Defensive
   Center                   Left Wing                Right Wing               Defense                  Defense                  
   FARMPLAYER2              Patrice Cormier          Dustin Gazley            Mark Fraser              Jeff Schultz             

Goaltenders
Starting : Dan Ellis                
Backup : Ilya Bryzgalov           

Extra Forwards
Normal : Jason Gregoire, Mark Louis, Ryan Olsen - PP : Jason Gregoire, Mark Louis - PK : Ryan Olsen
Extra Defensemen
Normal : Drew Bagnall, Colton Parayko, FARM PLAYER15 - PP : Drew Bagnall - PK : Colton Parayko, FARM PLAYER15
Penalty Shots
FARMPLAYER2, Patrice Cormier, Justin Vaive, Philippe Cornet, Dustin Gazley

Bears

5 vs 5 Forward 
   Center                   Left Wing                Right Wing               Time % Phy DF OF 
 1 Tyler Brown              Justin Florek            Patrick Holland          35     1   2  2  
 2 Jesse Root               Andreas Athanasiou       Brad Mills               30     1   2  2  
 3 Greg Miller              David Dziurzynski        Eric Neilson             22     1   2  2  
 4 Kyle Jean                Justin Florek            Andreas Athanasiou       13     1   2  2  

5 vs 5 Defense 
   Defense                  Defense                                           Time % Phy DF OF 
 1 John Scott               Brandon Burlon                                    35     1   2  2  
 2 Matt Carkner             Ben Youds                                         30     1   2  2  
 3 Julian Melchiori         Nathan McIver                                     22     1   2  2  
 4 John Scott               Brandon Burlon                                    13     1   2  2  

PowerPlay Forward 
   Center                   Left Wing                Right Wing               Time % Phy DF OF 
 1 Tyler Brown              Justin Florek            Patrick Holland          60     1   2  2  
 2 Jesse Root               Andreas Athanasiou       Brad Mills               40     1   2  2  

PowerPlay Defense
   Defense                  Defense                                           Time % Phy DF OF 
 1 John Scott               Brandon Burlon                                    60     1   2  2  
 2 Matt Carkner             Ben Youds                                         40     1   2  2  

Penalty Kill 4 Players Forward 
   Center                   Wing                     Time % Phy DF OF 
 1 Justin Florek            Andreas Athanasiou       60     1   2  2  
 2 David Dziurzynski        Tyler Brown              40     1   2  2  

Penalty Kill 4 Players Defense
   Defense                  Defense                  Time % Phy DF OF 
 1 John Scott               Brandon Burlon           60     1   2  2  
 2 Matt Carkner             Ben Youds                40     1   2  2  

Penalty Kill - 3 Players Forward 
   Forward                                           Time % Phy DF OF 
 1 Justin Florek                                     60     1   2  2  
 2 Andreas Athanasiou                                40     1   2  2  

Penalty Kill - 3 Players Defense
   Defense                  Defense                  Time % Phy DF OF 
 1 John Scott               Brandon Burlon           60     1   2  2  
 2 Matt Carkner             Ben Youds                40     1   2  2  

4 vs 4 Forward 
   Center                   Wing                     Time % Phy DF OF 
 1 Justin Florek            Andreas Athanasiou       60     1   2  2  
 2 David Dziurzynski        Tyler Brown              40     1   2  2  

4 vs 4 Defense
   Defense                  Defense                  Time % Phy DF OF 
 1 John Scott               Brandon Burlon           60     1   2  2  
 2 Matt Carkner             Ben Youds                40     1   2  2  

Last Minutes Offensive
   Center                   Left Wing                Right Wing               Defense                  Defense                  
   Tyler Brown              Justin Florek            Patrick Holland          John Scott               Brandon Burlon           

Last Minutes Defensive
   Center                   Left Wing                Right Wing               Defense                  Defense                  
   Tyler Brown              Justin Florek            Patrick Holland          John Scott               Brandon Burlon           

Goaltenders
Starting : Matt Murray              
Backup : John Gibson              

Extra Forwards
Normal : Maxime Macenauer, Chris Bruton, Greg Miller - PP : Maxime Macenauer, Chris Bruton - PK : Greg Miller
Extra Defensemen
Normal : Julian Melchiori, Nathan McIver, Matt Carkner - PP : Julian Melchiori - PK : Nathan McIver, Matt Carkner
Penalty Shots
John Scott, Justin Florek, Andreas Athanasiou, David Dziurzynski, Tyler Brown

% Time on Ice - Penguins

Lines # - Real PCT - Wanted PCT - Time Play
Normal Forward
1 - 31% - 35% - 14:02
2 - 30% - 30% - 13:27
3 - 32% - 22% - 14:26
4 - 7% - 13% - 3:03
Normal Defense
1 - 35% - 35% - 15:31
2 - 29% - 30% - 13:05
3 - 20% - 22% - 9:09
4 - 16% - 13% - 7:13
PP Forward
1 - 41% - 60% - 2:06
2 - 59% - 40% - 3:01
PP Defense
1 - 59% - 60% - 3:00
2 - 41% - 40% - 2:07
PK Forward
1 - 77% - 60% - 7:38
2 - 23% - 40% - 2:17
PK Defense
1 - 49% - 60% - 4:53
2 - 51% - 40% - 5:02
PK3 Forward
1 - 0% - 60%
2 - 0% - 40%
PK3 Defense
1 - 0% - 60%
2 - 0% - 40%
44 Forward
1 - 93% - 60% - 4:38
2 - 7% - 40% - 0:22
44 Defense
1 - 57% - 60% - 2:52
2 - 43% - 40% - 2:08
Last Minute Offensive  - 0:00
Last Minute Defensive  - 0:00
Total
Forward - 65:00
Defense - 65:00

% Time on Ice - Bears

Lines # - Real PCT - Wanted PCT - Time Play
Normal Forward
1 - 32% - 35% - 14:34
2 - 27% - 30% - 12:05
3 - 35% - 22% - 15:44
4 - 6% - 13% - 2:35
Normal Defense
1 - 32% - 35% - 14:24
2 - 39% - 30% - 17:42
3 - 25% - 22% - 11:10
4 - 4% - 13% - 1:42
PP Forward
1 - 49% - 60% - 4:52
2 - 51% - 40% - 5:03
PP Defense
1 - 58% - 60% - 5:47
2 - 42% - 40% - 4:08
PK Forward
1 - 100% - 60% - 5:07
2 - 0% - 40% - 0:00
PK Defense
1 - 74% - 60% - 3:48
2 - 26% - 40% - 1:19
PK3 Forward
1 - 100% - 60% - 1:56
2 - 0% - 40% - 0:00
PK3 Defense
1 - 100% - 60% - 1:56
2 - 0% - 40% - 0:00
44 Forward
1 - 100% - 60% - 3:04
2 - 0% - 40% - 0:00
44 Defense
1 - 23% - 60% - 0:42
2 - 77% - 40% - 2:22
Last Minute Offensive  - 0:00
Last Minute Defensive  - 0:00
Total
Forward - 65:00
Defense - 65:00

Play by Play

1st period


0:01 of 1st period - FARMPLAYER2 wins face-off versus Tyler Brown in neutral zone.
0:31 of 1st period - Jeff Schultz is hit by Justin Florek and loses puck.
1:12 of 1st period - Colton Parayko is hit by Brandon Burlon and loses puck.
1:27 of 1st period - Snap shot by Adam Clendening.
1:27 of 1st period - Stopped by Matt Murray with a rebound.
1:29 of 1st period - Wrist shot by Carson McMillan.
1:29 of 1st period - Stopped by Matt Murray without a rebound.
1:30 of 1st period - Greg Miller wins face-off versus Ryan Olsen in Bears zone.
1:36 of 1st period - Slapshot by Matt Carkner.
1:36 of 1st period - Stopped by Dan Ellis without a rebound.
1:37 of 1st period - Ryan Olsen wins face-off versus Greg Miller in Penguins zone.
2:32 of 1st period - Icing by Ben Youds.
2:33 of 1st period - FARMPLAYER2 wins face-off versus Tyler Brown in Bears zone.
2:43 of 1st period - Wrist shot by Tyler Brown.
2:43 of 1st period - Stopped by Dan Ellis with a rebound.
2:45 of 1st period - Snap shot by Julian Melchiori.
2:45 of 1st period - Stopped by Dan Ellis with a rebound.
3:05 of 1st period - Slapshot by Tyler Brown.
3:05 of 1st period - Shot Misses the Net.
3:07 of 1st period - Slapshot by Julian Melchiori.
3:07 of 1st period - Deflect By Tyler Brown.
3:07 of 1st period - Shot Blocked by Jason Gregoire.
3:07 of 1st period - Puck is out of play.
3:08 of 1st period - Jesse Root wins face-off versus Charles Sarault in Penguins zone.
3:19 of 1st period - Slapshot by Danny Biega.
3:19 of 1st period - Stopped by Matt Murray without a rebound.
3:20 of 1st period - Charles Sarault wins face-off versus Jesse Root in Bears zone.
3:33 of 1st period - Slapshot by Adam Clendening.
3:33 of 1st period - Stopped by Matt Murray with a rebound.
4:29 of 1st period - Wrist shot by Greg Miller.
4:29 of 1st period - Stopped by Dan Ellis with a rebound.
4:31 of 1st period - Wrist shot by Eric Neilson.
4:31 of 1st period - Stopped by Dan Ellis with a rebound.
4:33 of 1st period - Slapshot by Matt Carkner.
4:33 of 1st period - Shot Blocked by Adam Clendening.
4:37 of 1st period - Snap shot by Eric Neilson.
4:37 of 1st period - Stopped by Dan Ellis with a rebound.
4:39 of 1st period - Slapshot by Ben Youds.
4:39 of 1st period - Stopped by Dan Ellis with a rebound.
4:41 of 1st period - Snap shot by Greg Miller.
4:41 of 1st period - Shot Blocked by Philippe Cornet.
4:43 of 1st period - Wrist shot by Eric Neilson.
4:43 of 1st period - Deflect By Adam Clendening.
4:43 of 1st period - Shot Misses the Net.
4:43 of 1st period - Puck is out of play.
4:44 of 1st period - Tyler Brown wins face-off versus FARMPLAYER2 in Penguins zone.
4:46 of 1st period - Julian Melchiori beats up Jeff Schultz.
4:46 of 1st period - Penalty to Julian Melchiori for Fighting.
4:46 of 1st period - Penalty to Jeff Schultz for Fighting.
4:47 of 1st period - Kyle Jean wins face-off versus Patrice Cormier in Penguins zone.
4:54 of 1st period - Snap shot by Andreas Athanasiou.
4:54 of 1st period - Shot Misses the Net.
5:04 of 1st period - Slapshot by Justin Florek.
5:04 of 1st period - Deflect By Andreas Athanasiou.
5:04 of 1st period - Shot Misses the Net.
5:04 of 1st period - Puck is out of play.
5:05 of 1st period - FARMPLAYER2 wins face-off versus Kyle Jean in Penguins zone.
5:10 of 1st period - Mark Fraser is hit by Justin Florek and loses puck.
5:58 of 1st period - Snap shot by Greg Miller.
5:58 of 1st period - Deflect By David Dziurzynski.
5:58 of 1st period - Stopped by Dan Ellis without a rebound.
5:59 of 1st period - Ryan Olsen wins face-off versus Tyler Brown in Penguins zone.
6:56 of 1st period - Slapshot by Jesse Root.
6:56 of 1st period - Stopped by Dan Ellis with a rebound.
7:35 of 1st period - Adam Clendening is hit by David Dziurzynski and loses puck.
7:42 of 1st period - Slapshot by Justin Vaive.
7:42 of 1st period - Shot Blocked by Greg Miller.
8:17 of 1st period - Snap shot by FARMPLAYER2.
8:17 of 1st period - Stopped by Matt Murray without a rebound.
8:18 of 1st period - FARMPLAYER2 wins face-off versus Jesse Root in Bears zone.
8:42 of 1st period - Slapshot by Mark Fraser.
8:42 of 1st period - Shot Blocked by Brandon Burlon.
8:44 of 1st period - Wrist shot by Mark Fraser.
8:44 of 1st period - Stopped by Matt Murray with a rebound.
8:46 of 1st period - Wrist shot by FARMPLAYER2.
8:46 of 1st period - Shot Misses the Net.
10:13 of 1st period - Wrist shot by Mark Fraser.
10:13 of 1st period - Stopped by Matt Murray with a rebound.
10:37 of 1st period - Jeff Schultz beats up Greg Miller.
10:37 of 1st period - Penalty to Greg Miller for Fighting.
10:37 of 1st period - Penalty to Jeff Schultz for Fighting.
10:38 of 1st period - Philippe Cornet wins face-off versus Jesse Root in neutral zone.
10:41 of 1st period - Snap shot by Drew Bagnall.
10:41 of 1st period - Shot Misses the Net.
10:47 of 1st period - Andreas Athanasiou is hit by Philippe Cornet and loses puck.
10:52 of 1st period - Slapshot by Colton Parayko.
10:52 of 1st period - Stopped by Matt Murray without a rebound.
10:53 of 1st period - Jesse Root wins face-off versus Ryan Olsen in Bears zone.
11:26 of 1st period - Wrist shot by Dustin Gazley.
11:26 of 1st period - Shot Misses the Net.
11:47 of 1st period - Matt Carkner beats up Colton Parayko.
11:47 of 1st period - Penalty to Matt Carkner for Fighting.
11:47 of 1st period - Penalty to Colton Parayko for Fighting.
11:48 of 1st period - Maxime Macenauer wins face-off versus Charles Sarault in Penguins zone.
11:50 of 1st period - David Dziurzynski and Drew Bagnall fight to a draw.
11:50 of 1st period - Penalty to David Dziurzynski for Fighting.
11:50 of 1st period - Penalty to Drew Bagnall for Fighting.
11:51 of 1st period - Tyler Brown wins face-off versus FARMPLAYER2 in Penguins zone.
11:54 of 1st period - Wrist shot by Tyler Brown.
11:54 of 1st period - Stopped by Dan Ellis without a rebound.
11:55 of 1st period - FARMPLAYER2 wins face-off versus Tyler Brown in Penguins zone.
12:00 of 1st period - Slapshot by Adam Clendening.
12:00 of 1st period - Shot Blocked by Justin Florek.
12:09 of 1st period - Minor Penalty to Dustin Gazley for Goalie Interference.
12:10 of 1st period - Tyler Brown wins face-off versus FARMPLAYER2 in Penguins zone.
12:21 of 1st period - Slapshot by John Scott.
12:21 of 1st period - Deflect By Justin Florek.
12:21 of 1st period - Stopped by Dan Ellis without a rebound.
12:22 of 1st period - Tyler Brown wins face-off versus FARMPLAYER2 in Penguins zone.
13:15 of 1st period - Jesse Root is hit by Patrice Cormier and loses puck.
13:38 of 1st period - Slapshot by Adam Clendening.
13:38 of 1st period - Stopped by Matt Murray with a rebound.
14:09 of 1st period - Penalty to Dustin Gazley is over, Dustin Gazley is back on ice.
14:10 of 1st period - Andreas Athanasiou is hit by Danny Biega.
14:34 of 1st period - Dustin Gazley is hit by Eric Neilson and loses puck.
14:44 of 1st period - Icing by Maxime Macenauer.
14:45 of 1st period - Maxime Macenauer wins face-off versus Charles Sarault in Bears zone.
15:36 of 1st period - Julian Melchiori and Philippe Cornet fight to a draw.
15:36 of 1st period - Penalty to Julian Melchiori for Fighting.
15:36 of 1st period - Penalty to Philippe Cornet for Fighting.
15:36 of 1st period - Penalty to Philippe Cornet for instigated a fight.
15:36 of 1st period - Penalty to Philippe Cornet for instigated a fight.
15:37 of 1st period - Penalty to Greg Miller is over, Greg Miller is back on ice.
15:37 of 1st period - Penalty to Jeff Schultz is over, Jeff Schultz is back on ice.
15:37 of 1st period - Justin Florek wins face-off versus FARMPLAYER2 in Bears zone.
15:37 of 1st period - Justin Florek is hit by FARMPLAYER2.
16:04 of 1st period - Off-side.
16:05 of 1st period - Jesse Root wins face-off versus FARMPLAYER2 in neutral zone.
16:32 of 1st period - Danny Biega is hit by John Scott and loses puck.
16:47 of 1st period - Penalty to Colton Parayko is over, Colton Parayko is back on ice.
17:09 of 1st period - Slapshot by Ben Youds.
17:09 of 1st period - Shot Blocked by Danny Biega.
17:36 of 1st period - Penalty to Philippe Cornet is over, FARM PLAYER15 is send on ice.
18:02 of 1st period - Mark Fraser is hit by John Scott and loses puck.
18:51 of 1st period - Off-side.
18:52 of 1st period - Tyler Brown wins face-off versus Ryan Olsen in neutral zone.
19:23 of 1st period - Jesse Root is hit by Charles Sarault and loses puck.
19:59 of 1st period - Slapshot by Jason Gregoire.
19:59 of 1st period - Shot Blocked by Kyle Jean.
Goals for this period are 0 for Penguins vs 0 for Bears.
Shots for this period are 9 for Penguins vs 11 for Bears.

2nd period


0:01 of 2nd period - Tyler Brown wins face-off versus FARMPLAYER2 in neutral zone.
0:10 of 2nd period - Wrist shot by FARMPLAYER2.
0:10 of 2nd period - Shot Blocked by Tyler Brown.
0:31 of 2nd period - Slapshot by Adam Clendening.
0:31 of 2nd period - Deflect By FARMPLAYER2.
0:31 of 2nd period - Shot Misses the Net.
0:31 of 2nd period - Puck is out of play.
0:32 of 2nd period - Jesse Root wins face-off versus Charles Sarault in Bears zone.
0:34 of 2nd period - Matt Carkner and Jeff Schultz fight to a draw.
0:34 of 2nd period - Penalty to Matt Carkner for Fighting.
0:34 of 2nd period - Penalty to Jeff Schultz for Fighting.
0:34 of 2nd period - Jeff Schultz is ejected from game.
0:35 of 2nd period - FARMPLAYER2 wins face-off versus Tyler Brown in neutral zone.
0:38 of 2nd period - Slapshot by Mark Fraser.
0:38 of 2nd period - Shot Misses the Net.
0:40 of 2nd period - Slapshot by Mark Fraser.
0:40 of 2nd period - Stopped by Matt Murray with a rebound.
0:42 of 2nd period - Slapshot by Mark Fraser.
0:42 of 2nd period - Goal by Mark Fraser - Penguins : 1 - Bears : 0.
0:43 of 2nd period - Tyler Brown wins face-off versus FARMPLAYER2 in neutral zone.
0:46 of 2nd period - Slapshot by Brandon Burlon.
0:46 of 2nd period - Stopped by Dan Ellis without a rebound.
0:47 of 2nd period - FARMPLAYER2 wins face-off versus Tyler Brown in Penguins zone.
1:40 of 2nd period - Slapshot by Adam Clendening.
1:40 of 2nd period - Shot Misses the Net.
1:53 of 2nd period - Carson McMillan is hit by John Scott and loses puck.
2:42 of 2nd period - Slapshot by Ben Youds.
2:42 of 2nd period - Stopped by Dan Ellis with a rebound.
2:44 of 2nd period - Wrist shot by Julian Melchiori.
2:44 of 2nd period - Shot Blocked by Jason Gregoire.
4:21 of 2nd period - Mark Fraser is hit by Ben Youds and loses puck.
4:32 of 2nd period - Slapshot by Justin Florek.
4:32 of 2nd period - Shot Misses the Net.
4:57 of 2nd period - Mark Fraser is hit by John Scott and loses puck.
5:07 of 2nd period - Icing by FARMPLAYER2.
5:08 of 2nd period - Ryan Olsen wins face-off versus Jesse Root in Penguins zone.
5:35 of 2nd period - Wrist shot by FARMPLAYER2.
5:35 of 2nd period - Shot Misses the Net.
5:41 of 2nd period - Patrice Cormier is hit by Tyler Brown.
5:47 of 2nd period - Snap shot by FARMPLAYER2.
5:47 of 2nd period - Deflect By Jason Gregoire.
5:47 of 2nd period - Stopped by Matt Murray without a rebound.
5:48 of 2nd period - FARMPLAYER2 wins face-off versus Tyler Brown in Bears zone.
6:29 of 2nd period - Minor Penalty to FARM PLAYER15 for Holding.
6:30 of 2nd period - FARMPLAYER2 wins face-off versus Jesse Root in Penguins zone.
7:53 of 2nd period - Matt Carkner is hit by Adam Clendening and loses puck.
8:19 of 2nd period - Colton Parayko is hit by Jesse Root and loses puck.
8:29 of 2nd period - Penalty to FARM PLAYER15 is over, FARM PLAYER15 is back on ice.
8:44 of 2nd period - Mark Fraser is hit by Jesse Root and loses puck.
9:01 of 2nd period - Slapshot by Greg Miller.
9:01 of 2nd period - Stopped by Dan Ellis with a rebound.
9:18 of 2nd period - Icing by Drew Bagnall.
9:19 of 2nd period - Eric Neilson wins face-off versus Ryan Olsen in Penguins zone.
9:41 of 2nd period - Icing by Danny Biega.
9:42 of 2nd period - Kyle Jean wins face-off versus Charles Sarault in Penguins zone.
9:43 of 2nd period - Snap shot by Andreas Athanasiou.
9:43 of 2nd period - Shot Misses the Net.
9:55 of 2nd period - Snap shot by Andreas Athanasiou.
9:55 of 2nd period - Deflect By Kyle Jean.
9:55 of 2nd period - Shot Misses the Net.
9:55 of 2nd period - Puck is out of play.
9:56 of 2nd period - FARMPLAYER2 wins face-off versus Kyle Jean in Penguins zone.
10:34 of 2nd period - Colton Parayko is hit by Nathan McIver and loses puck.
10:36 of 2nd period - 10 Minutes Misconduct Penalty to Philippe Cornet is over.
10:49 of 2nd period - Brandon Burlon is hit by Colton Parayko and loses puck.
11:13 of 2nd period - Carson McMillan is hit by John Scott and loses puck.
11:38 of 2nd period - Danny Biega is hit by Ben Youds and loses puck.
12:23 of 2nd period - Mark Fraser is hit by Ben Youds and loses puck.
12:48 of 2nd period - Ryan Olsen is hit by Matt Carkner and loses puck.
12:52 of 2nd period - Icing by Mark Fraser.
12:53 of 2nd period - Greg Miller wins face-off versus Ryan Olsen in Penguins zone.
12:54 of 2nd period - Slapshot by David Dziurzynski.
12:54 of 2nd period - Stopped by Dan Ellis with a rebound.
13:29 of 2nd period - Icing by Mark Fraser.
13:30 of 2nd period - Tyler Brown wins face-off versus Ryan Olsen in Penguins zone.
13:55 of 2nd period - Off-side.
13:56 of 2nd period - Jesse Root wins face-off versus Dustin Gazley in neutral zone.
14:08 of 2nd period - Icing by Danny Biega.
14:09 of 2nd period - FARMPLAYER2 wins face-off versus Greg Miller in Penguins zone.
14:09 of 2nd period - FARMPLAYER2 is hit by John Scott.
14:37 of 2nd period - Slapshot by Danny Biega.
14:37 of 2nd period - Shot Misses the Net.
14:39 of 2nd period - Slapshot by Adam Clendening.
14:39 of 2nd period - Deflect By Justin Vaive.
14:39 of 2nd period - Stopped by Matt Murray without a rebound.
14:40 of 2nd period - Tyler Brown wins face-off versus Charles Sarault in Bears zone.
14:40 of 2nd period - Tyler Brown is hit by Carson McMillan.
14:56 of 2nd period - Snap shot by Justin Vaive.
14:56 of 2nd period - Stopped by Matt Murray with a rebound.
14:58 of 2nd period - Wrist shot by Charles Sarault.
14:58 of 2nd period - Shot Misses the Net.
15:35 of 2nd period - Jason Gregoire is hit by Andreas Athanasiou and loses puck.
15:41 of 2nd period - Icing by Mark Fraser.
15:42 of 2nd period - Jason Gregoire wins face-off versus Greg Miller in Penguins zone.
16:05 of 2nd period - Slapshot by David Dziurzynski.
16:05 of 2nd period - Stopped by Dan Ellis with a rebound.
16:07 of 2nd period - Slapshot by Julian Melchiori.
16:07 of 2nd period - Shot Misses the Net.
16:15 of 2nd period - Minor Penalty to Drew Bagnall for Holding.
16:16 of 2nd period - FARMPLAYER2 wins face-off versus Tyler Brown in Penguins zone.
16:33 of 2nd period - Snap shot by Mark Fraser.
16:33 of 2nd period - Stopped by Matt Murray without a rebound.
16:34 of 2nd period - FARMPLAYER2 wins face-off versus Tyler Brown in Bears zone.
17:11 of 2nd period - Snap shot by Adam Clendening.
17:11 of 2nd period - Deflect By Andreas Athanasiou.
17:11 of 2nd period - Stopped by Matt Murray with a rebound.
17:22 of 2nd period - FARMPLAYER2 is hit by Brad Mills and loses puck.
17:33 of 2nd period - Slapshot by Brad Mills.
17:33 of 2nd period - Shot Misses the Net.
17:35 of 2nd period - Wrist shot by Jesse Root.
17:35 of 2nd period - Shot Misses the Net.
17:53 of 2nd period - Tyler Brown is hit by Philippe Cornet and loses puck.
18:15 of 2nd period - Penalty to Drew Bagnall is over, Drew Bagnall is back on ice.
18:18 of 2nd period - Adam Clendening is hit by Matt Carkner.
19:02 of 2nd period - Charles Sarault is hit by Nathan McIver.
19:21 of 2nd period - FARM PLAYER20 is hit by Kyle Jean and loses puck.
19:56 of 2nd period - Minor Penalty to Nathan McIver for Roughing.
19:57 of 2nd period - Justin Florek wins face-off versus Charles Sarault in Bears zone.
Goals for this period are 1 for Penguins vs 0 for Bears.
Shots for this period are 7 for Penguins vs 5 for Bears.

3rd period


0:01 of 3rd period - FARMPLAYER2 wins face-off versus Justin Florek in neutral zone.
0:30 of 3rd period - Slapshot by Mark Fraser.
0:30 of 3rd period - Shot Misses the Net.
0:56 of 3rd period - Justin Florek is hit by Drew Bagnall.
1:36 of 3rd period - Slapshot by David Dziurzynski.
1:36 of 3rd period - Stopped by Dan Ellis with a rebound.
1:56 of 3rd period - Penalty to Nathan McIver is over, Nathan McIver is back on ice.
1:58 of 3rd period - Off-side.
1:59 of 3rd period - Charles Sarault wins face-off versus Greg Miller in neutral zone.
2:35 of 3rd period - Icing by Philippe Cornet.
2:36 of 3rd period - Ryan Olsen wins face-off versus Patrick Holland in Penguins zone.
2:41 of 3rd period - Matt Carkner is hit by Danny Biega and loses puck.
3:12 of 3rd period - Snap shot by FARMPLAYER2.
3:12 of 3rd period - Shot Blocked by Ben Youds.
3:26 of 3rd period - Snap shot by FARMPLAYER2.
3:26 of 3rd period - Stopped by Matt Murray with a rebound.
3:52 of 3rd period - Snap shot by Charles Sarault.
3:52 of 3rd period - Shot Misses the Net.
3:54 of 3rd period - Snap shot by Drew Bagnall.
3:54 of 3rd period - Stopped by Matt Murray without a rebound.
3:55 of 3rd period - FARMPLAYER2 wins face-off versus Greg Miller in Bears zone.
3:56 of 3rd period - Slapshot by Mark Fraser.
3:56 of 3rd period - Deflect By FARMPLAYER2.
3:56 of 3rd period - Stopped by Matt Murray with a rebound.
4:19 of 3rd period - Minor Penalty to John Scott for Interference.
4:20 of 3rd period - Charles Sarault wins face-off versus Justin Florek in Bears zone.
4:37 of 3rd period - Slapshot by Mark Fraser.
4:37 of 3rd period - Shot Misses the Net.
4:39 of 3rd period - Slapshot by Mark Fraser.
4:39 of 3rd period - Stopped by Matt Murray with a rebound.
4:41 of 3rd period - Wrist shot by Charles Sarault.
4:41 of 3rd period - Shot Misses the Net.
4:43 of 3rd period - Wrist shot by Mark Fraser.
4:43 of 3rd period - Shot Blocked by Andreas Athanasiou.
4:47 of 3rd period - Wrist shot by Justin Vaive.
4:47 of 3rd period - Stopped by Matt Murray with a rebound.
4:49 of 3rd period - Slapshot by Carson McMillan.
4:49 of 3rd period - Stopped by Matt Murray without a rebound.
4:50 of 3rd period - Dustin Gazley wins face-off versus Justin Florek in Bears zone.
5:29 of 3rd period - Snap shot by Adam Clendening.
5:29 of 3rd period - Shot Blocked by Brandon Burlon.
5:31 of 3rd period - Wrist shot by Justin Vaive.
5:31 of 3rd period - Shot Misses the Net.
5:33 of 3rd period - Slapshot by Danny Biega.
5:33 of 3rd period - Stopped by Matt Murray with a rebound.
5:35 of 3rd period - Wrist shot by Danny Biega.
5:35 of 3rd period - Stopped by Matt Murray with a rebound.
5:51 of 3rd period - David Dziurzynski is hit by Danny Biega.
6:19 of 3rd period - Penalty to John Scott is over, John Scott is back on ice.
6:40 of 3rd period - Ben Youds is hit by Mark Louis and loses puck.
6:47 of 3rd period - Mark Fraser is hit by Justin Florek and loses puck.
6:51 of 3rd period - Matt Carkner and Drew Bagnall fight to a draw.
6:51 of 3rd period - Penalty to Matt Carkner for Fighting.
6:51 of 3rd period - Matt Carkner is ejected from game.
6:51 of 3rd period - Penalty to Drew Bagnall for Fighting.
6:52 of 3rd period - Tyler Brown wins face-off versus Ryan Olsen in Penguins zone.
6:55 of 3rd period - Wrist shot by Tyler Brown.
6:55 of 3rd period - Shot Misses the Net.
7:04 of 3rd period - Off-side.
7:05 of 3rd period - Tyler Brown wins face-off versus Ryan Olsen in neutral zone.
7:10 of 3rd period - Snap shot by Ben Youds.
7:10 of 3rd period - Shot Blocked by Danny Biega.
7:30 of 3rd period - Slapshot by Danny Biega.
7:30 of 3rd period - Stopped by Matt Murray with a rebound.
7:32 of 3rd period - Slapshot by Adam Clendening.
7:32 of 3rd period - Deflect By Tyler Brown.
7:32 of 3rd period - Stopped by Matt Murray without a rebound.
7:33 of 3rd period - FARMPLAYER2 wins face-off versus Jesse Root in Bears zone.
7:36 of 3rd period - Snap shot by Dustin Gazley.
7:36 of 3rd period - Shot Misses the Net.
8:07 of 3rd period - Wrist shot by Andreas Athanasiou.
8:07 of 3rd period - Shot Misses the Net.
8:24 of 3rd period - Greg Miller is hit by Carson McMillan and loses puck.
8:33 of 3rd period - Slapshot by Adam Clendening.
8:33 of 3rd period - Stopped by Matt Murray with a rebound.
8:35 of 3rd period - Snap shot by Carson McMillan.
8:35 of 3rd period - Shot Blocked by Greg Miller.
8:37 of 3rd period - Wrist shot by Charles Sarault.
8:37 of 3rd period - Shot Misses the Net.
8:38 of 3rd period - Greg Miller and Justin Vaive fight to a draw.
8:38 of 3rd period - Penalty to Greg Miller for Fighting.
8:38 of 3rd period - Penalty to Justin Vaive for Fighting.
8:39 of 3rd period - Carson McMillan wins face-off versus Maxime Macenauer in Bears zone.
8:40 of 3rd period - Slapshot by Adam Clendening.
8:40 of 3rd period - Shot Misses the Net.
9:36 of 3rd period - FARMPLAYER2 is hit by Julian Melchiori and loses puck.
10:19 of 3rd period - Backhand shot by Ryan Olsen.
10:19 of 3rd period - Stopped by Matt Murray with a rebound.
10:21 of 3rd period - Wrist shot by Philippe Cornet.
10:21 of 3rd period - Deflect By Ryan Olsen.
10:21 of 3rd period - Shot Misses the Net.
10:21 of 3rd period - Puck is out of play.
10:22 of 3rd period - Mark Louis wins face-off versus Tyler Brown in Bears zone.
10:50 of 3rd period - Off-side.
10:51 of 3rd period - Charles Sarault wins face-off versus Maxime Macenauer in neutral zone.
10:57 of 3rd period - Minor Penalty to John Scott for Hooking.
10:58 of 3rd period - FARMPLAYER2 wins face-off versus Tyler Brown in Bears zone.
11:12 of 3rd period - Slapshot by Brandon Burlon.
11:12 of 3rd period - Shot Blocked by Colton Parayko.
11:14 of 3rd period - Snap shot by Brandon Burlon.
11:14 of 3rd period - Deflect By Patrice Cormier.
11:14 of 3rd period - Goal by Brandon Burlon - Penguins : 1 - Bears : 1.
11:15 of 3rd period - FARMPLAYER2 wins face-off versus Tyler Brown in neutral zone.
11:41 of 3rd period - Wrist shot by Tyler Brown.
11:41 of 3rd period - Stopped by Dan Ellis with a rebound.
11:43 of 3rd period - Snap shot by Tyler Brown.
11:43 of 3rd period - Shot Blocked by Mark Fraser.
11:45 of 3rd period - Wrist shot by Justin Florek.
11:45 of 3rd period - Shot Misses the Net.
12:06 of 3rd period - Justin Florek is hit by Colton Parayko and loses puck.
12:25 of 3rd period - Snap shot by Adam Clendening.
12:25 of 3rd period - Deflect By Justin Florek.
12:25 of 3rd period - Stopped by Matt Murray without a rebound.
12:26 of 3rd period - Justin Florek wins face-off versus Charles Sarault in Bears zone.
12:35 of 3rd period - Slapshot by Danny Biega.
12:35 of 3rd period - Shot Blocked by Andreas Athanasiou.
12:37 of 3rd period - Slapshot by Danny Biega.
12:37 of 3rd period - Stopped by Matt Murray with a rebound.
12:57 of 3rd period - Penalty to John Scott is over, John Scott is back on ice.
13:23 of 3rd period - Mark Fraser is hit by Eric Neilson and loses puck.
13:44 of 3rd period - Slapshot by Mark Fraser.
13:44 of 3rd period - Shot Misses the Net.
13:46 of 3rd period - Slapshot by Drew Bagnall.
13:46 of 3rd period - Shot Blocked by Ben Youds.
13:48 of 3rd period - Backhand shot by Mark Fraser.
13:48 of 3rd period - Deflect By Ryan Olsen.
13:48 of 3rd period - Shot Misses the Net.
13:48 of 3rd period - Puck is out of play.
13:49 of 3rd period - Jesse Root wins face-off versus FARMPLAYER2 in Bears zone.
14:44 of 3rd period - Icing by Dustin Gazley.
14:45 of 3rd period - Tyler Brown wins face-off versus FARMPLAYER2 in Penguins zone.
14:45 of 3rd period - Brandon Burlon is hit by Colton Parayko and loses puck.
15:04 of 3rd period - Snap shot by Tyler Brown.
15:04 of 3rd period - Stopped by Dan Ellis with a rebound.
15:15 of 3rd period - Jesse Root beats up Colton Parayko.
15:15 of 3rd period - Penalty to Jesse Root for Fighting.
15:15 of 3rd period - Penalty to Colton Parayko for Fighting.
15:15 of 3rd period - Penalty to Colton Parayko for instigated a fight.
15:15 of 3rd period - Penalty to Colton Parayko for instigated a fight.
15:16 of 3rd period - Andreas Athanasiou wins face-off versus FARMPLAYER2 in Penguins zone.
16:04 of 3rd period - Wrist shot by Tyler Brown.
16:04 of 3rd period - Stopped by Dan Ellis with a rebound.
16:06 of 3rd period - Snap shot by Justin Florek.
16:06 of 3rd period - Shot Misses the Net.
16:08 of 3rd period - Slapshot by Ben Youds.
16:08 of 3rd period - Shot Misses the Net.
16:10 of 3rd period - Wrist shot by Patrick Holland.
16:10 of 3rd period - Stopped by Dan Ellis without a rebound.
16:11 of 3rd period - FARMPLAYER2 wins face-off versus Tyler Brown in Penguins zone.
17:15 of 3rd period - Penalty to Colton Parayko is over, Ryan Olsen is send on ice.
17:20 of 3rd period - Justin Florek is hit by Mark Fraser and loses puck.
17:50 of 3rd period - Greg Miller and Drew Bagnall fight to a draw.
17:50 of 3rd period - Penalty to Greg Miller for Fighting.
17:50 of 3rd period - Greg Miller is ejected from game.
17:50 of 3rd period - Penalty to Drew Bagnall for Fighting.
17:50 of 3rd period - Drew Bagnall is ejected from game.
17:51 of 3rd period - Maxime Macenauer wins face-off versus Charles Sarault in neutral zone.
18:16 of 3rd period - Slapshot by David Dziurzynski.
18:16 of 3rd period - Shot Blocked by Charles Sarault.
18:18 of 3rd period - Slapshot by Brandon Burlon.
18:18 of 3rd period - Deflect By David Dziurzynski.
18:18 of 3rd period - Shot Misses the Net.
18:18 of 3rd period - Puck is out of play.
18:19 of 3rd period - Mark Louis wins face-off versus Maxime Macenauer in Penguins zone.
18:19 of 3rd period - Mark Louis is hit by Julian Melchiori.
19:39 of 3rd period - FARMPLAYER2 is hit by Ben Youds and loses puck.
19:56 of 3rd period - Minor Penalty to Eric Neilson for Holding.
19:57 of 3rd period - Andreas Athanasiou wins face-off versus Charles Sarault in Bears zone.
Goals for this period are 0 for Penguins vs 1 for Bears.
Shots for this period are 14 for Penguins vs 6 for Bears.

Overtime #1


0:01 of 1st overtime period - FARMPLAYER2 wins face-off versus Justin Florek in neutral zone.
0:10 of 1st overtime period - Slapshot by Brandon Burlon.
0:10 of 1st overtime period - Shot Misses the Net.
0:15 of 1st overtime period - Penalty to Jesse Root is over, Jesse Root is back on ice.
0:15 of 1st overtime period - Penalty to Colton Parayko is over, Jason Gregoire is send on ice.
0:16 of 1st overtime period - Snap shot by FARMPLAYER2.
0:16 of 1st overtime period - Stopped by Matt Murray with a rebound.
0:26 of 1st overtime period - Snap shot by FARMPLAYER2.
0:26 of 1st overtime period - Stopped by Matt Murray with a rebound.
0:52 of 1st overtime period - Brandon Burlon is hit by FARMPLAYER2 and loses puck.
1:19 of 1st overtime period - Wrist shot by Adam Clendening.
1:19 of 1st overtime period - Deflect By FARMPLAYER2.
1:19 of 1st overtime period - Stopped by Matt Murray with a rebound.
1:25 of 1st overtime period - Wrist shot by FARMPLAYER2.
1:25 of 1st overtime period - Stopped by Matt Murray with a rebound.
1:27 of 1st overtime period - Wrist shot by Patrice Cormier.
1:27 of 1st overtime period - Stopped by Matt Murray with a rebound.
1:56 of 1st overtime period - Penalty to Eric Neilson is over, Eric Neilson is back on ice.
1:57 of 1st overtime period - Mark Louis is hit by Brandon Burlon and loses puck.
2:15 of 1st overtime period - Ryan Olsen is hit by Brad Mills.
2:19 of 1st overtime period - John Scott is hit by Mark Fraser and loses puck.
2:37 of 1st overtime period - Slapshot by FARM PLAYER15.
2:37 of 1st overtime period - Stopped by Matt Murray without a rebound.
2:38 of 1st overtime period - Patrice Cormier wins face-off versus Justin Florek in Bears zone.
2:50 of 1st overtime period - Penalty to Greg Miller is over, Maxime Macenauer is send on ice.
2:50 of 1st overtime period - Penalty to Drew Bagnall is over, Mark Louis is send on ice.
2:59 of 1st overtime period - Mark Louis is hit by Andreas Athanasiou and loses puck.
3:36 of 1st overtime period - Icing by Julian Melchiori.
3:37 of 1st overtime period - Maxime Macenauer wins face-off versus Mark Louis in Bears zone.
4:46 of 1st overtime period - Snap shot by Andreas Athanasiou.
4:46 of 1st overtime period - Stopped by Dan Ellis with a rebound.
4:48 of 1st overtime period - Slapshot by Andreas Athanasiou.
4:48 of 1st overtime period - Shot Blocked by Philippe Cornet.
Goals for this period are 0 for Penguins vs 0 for Bears.
Shots for this period are 6 for Penguins vs 1 for Bears.

ShootOut


5:00 of 1st overtime period - Penalty Shot by FARMPLAYER2 for Penguins.
5:00 of 1st overtime period - Deke by FARMPLAYER2.
5:00 of 1st overtime period - Stopped by Matt Murray.
5:00 of 1st overtime period - Penalty Shot by John Scott for Bears.
5:00 of 1st overtime period - Snap shot by John Scott.
5:00 of 1st overtime period - Stopped by Dan Ellis.
5:00 of 1st overtime period - Penalty Shot by Patrice Cormier for Penguins.
5:00 of 1st overtime period - Deke by Patrice Cormier.
5:00 of 1st overtime period - Goal by Patrice Cormier.
5:00 of 1st overtime period - Penalty Shot by Justin Florek for Bears.
5:00 of 1st overtime period - Wrist shot by Justin Florek.
5:00 of 1st overtime period - Stopped by Dan Ellis.
5:00 of 1st overtime period - Penalty Shot by Justin Vaive for Penguins.
5:00 of 1st overtime period - Wrist shot by Justin Vaive.
5:00 of 1st overtime period - Stopped by Matt Murray.
5:00 of 1st overtime period - Penalty Shot by Andreas Athanasiou for Bears.
5:00 of 1st overtime period - Backhand shot by Andreas Athanasiou.
5:00 of 1st overtime period - Stopped by Dan Ellis.